 Dungeon Crawl Stone Soup version 0.31-a0-232-gb1c03b2570 (webtiles) character file.

Game seed: 3376101928680349519

127 qw the Shooter (level 4, -7/37 HPs)
             Began as a Minotaur Hexslinger on July 6, 2023.
             Killed from afar by an orc wizard (8 damage)
             ... with a magic dart
             ... on level 4 of the Dungeon.
             The game lasted 00:00:41 (1335 turns).

qw the Shooter (Minotaur Hexslinger)                Turns: 1335, Time: 00:00:42

Health: -7/37      AC:  5    Str: 13    XL:     4   Next: 85%
Magic:  4/4        EV: 11    Int: 10    God:
Gold:   144        SH:  0    Dex: 14    Spells: 4/5 levels left

rFire   . . .        Y - +1 sling
rCold   . . .        (no shield)
rNeg    . . .        i - +0 ring mail
rPois   .            (helmet restricted)
rElec   .            (no cloak)
rCorr   .            (no gloves)
SInv    .            (no boots)
Will    .....        (no amulet)
Stlth   +            (no ring)
HPRegen 0.26/turn    (no ring)
MPRegen 0.09/turn

%: no passive effects
@: no status effects
A: horns 2, retaliatory headbutt
a: no special abilities


You were on level 4 of the Dungeon.
You visited 1 branch of the dungeon, and saw 3 of its levels.

You collected 144 gold pieces.


Innate Abilities, Weirdness & Mutations

You have a pair of horns on your head.
You reflexively headbutt those who attack you in melee.


   Skills:
 - Level 2.6 Fighting
 + Level 4.6 Ranged Weapons
 - Level 2.2 Armour
 - Level 2.1 Dodging
 - Level 1.0 Spellcasting
 - Level 2.0 Hexes


You had 4 spell levels left.
You knew the following spells:

 Your Spells              Type           Power      Damage    Failure   Level
a - Slow                  Hex            16%        N/A       32%         1

Your spell library contained the following spells:

 Spells                   Type           Power      Damage    Failure   Level
 Inner Flame              Hex/Fire       2%         N/A       82%         3
 Portal Projectile        Hex/Tloc       4%         N/A       82%         3
 Cause Fear               Hex            2%         N/A       97%         4

Inventory:

Hand Weapons
 Y - a +1 sling (weapon)
Armour
 c - the +1 Delatra's gloves {ID++}
   (You found it on level 2 of the Dungeon)

   ID++:      It heals its wearer when they drink unknown potions, and restores
   their MP when they read unknown scrolls.
 i - a +0 ring mail (worn)
Scrolls
 b - a scroll of identify
Potions
 a - a potion of curing {unknown}
 d - a potion of lignification {unknown}
 f - a potion of cancellation {unknown}
 h - a potion of heal wounds {unknown}

Dungeon Overview and Level Annotations

Branches:
Dungeon (2/15)

Altars:

Shops:
D:1 :


Message History

The orc wizard misses you. Something hits you but does no damage.
The orc hits you but does no damage.
The orc wizard mumbles some strange words.
The orc wizard flickers and vanishes!
Something hits you. x2; The orc barely misses you.
Something hits you but does no damage.
An orc priest comes into view. It is wielding a +0 flail.
The orc barely misses you. Something hits you but does no damage.
Something hits you but does no damage.
You hear some strange, mumbled words.
A magic dart appears from out of thin air!
The magic dart hits you. The orc hits you with a +0 dagger. Something hits you.
The orc hits you but does no damage. Something hits you but does no damage.
Something hits you but does no damage. The orc hits you with a +0 dagger.
Something hits you.
Something hits you but does no damage. x2; The orc misses you.
You feel less confused. Something hits you but does no damage.
The orc hits you but does no damage. Something barely misses you.
You shoot a sling bullet.
The sling bullet closely misses the orc.
The sling bullet hits the orc.
The orc is moderately wounded.
Something hits you but does no damage.
The orc priest invokes the aid of Beogh against you.
Beogh smites you! The orc barely misses you.
You hear some strange, mumbled words.
A magic dart appears from out of thin air!
The magic dart hits you.
You shoot a sling bullet. The sling bullet hits the orc.
The orc is heavily wounded.
Something hits you but does no damage. The orc barely misses you.
Something hits you but does no damage.
You shoot a sling bullet. The sling bullet hits the orc!
You kill the orc!
You hear some strange, mumbled words.
A magic dart appears from out of thin air!
The magic dart hits you!
You die...

.....# #..#.#
#..#.# ##..#.#
...#.# ###.#.# #
#.....# #.##
.######.#.#.#....#
......{@#.......#
######{)#########
#oo. #.### .. .#.
.#. . #.


You could see an orc priest and an orc.

Vanquished Creatures
  A hound (D:2)
  Terence (D:2)
  A gnoll (D:1)
  An ufetubus (D:4)
  A worm (D:2)
  A dart slug (D:2)
  An orc (D:4)
  4 bats
  3 endoplasms
  4 giant cockroaches (D:1)
  3 goblins
  4 hobgoblins
  6 jackals
  3 quokkas
  4 ball pythons
  5 frilled lizards
  3 kobolds
  3 rats
49 creatures vanquished.

Notes
Turn   | Place    | Note
-------+----------+-------------------------------------------
     0 | D:1      | qw the Minotaur Hexslinger began the quest for the Orb.
     0 | D:1      | Reached XP level 1. HP: 16/16 MP: 1/1
     0 | D:1      | 0 ||| qw: Version: 0.3-a-46-gb1f654a
     0 | D:1      | 0 ||| qw: Game counter: 1933
     0 | D:1      | 0 ||| qw: Melee chars always use a shield: true
     0 | D:1      | 0 ||| qw: God list: Okawaru
     0 | D:1      | 0 ||| qw: Allow faded altars: false
     0 | D:1      | 0 ||| qw: Do Orc after clearing Dungeon:15 true
     0 | D:1      | 0 ||| qw: Do second Lair branch before Depths: true
     0 | D:1      | 0 ||| qw: Lair rune preference: random
     0 | D:1      | 0 ||| qw: Goals: Normal
     0 | D:1      | 0 ||| PLANNING D:1-11
   295 | D:1      | Reached skill level 3 in Ranged Weapons
   295 | D:1      | Reached XP level 2. HP: 23/23 MP: 2/2
   511 | D:1      | Reached XP level 3. HP: 30/30 MP: 3/3
   655 | D:1      | Found Pihata's Book Shop.
   874 | D:1      | 874 ||| UPGRADING to +0 ring mail.
   884 | D:1      | 884 ||| DROPPING +0 robe.
   885 | D:1      | 885 ||| DROPPING +6 ring of intelligence.
   886 | D:1      | 886 ||| READING scroll labelled GEIT VYMUO.
   887 | D:1      | 887 ||| READING scroll labelled ANOMOSKOMU.
   888 | D:1      | 888 ||| READING scroll labelled YTIXAI BEYFA.
   889 | D:1      | 889 ||| READING scroll labelled VIACKE EVEF BYDY.
   894 | D:1      | 894 ||| READING scroll labelled PUOLLA HIOMA.
   895 | D:1      | 895 ||| DROPPING scroll of poison.
   920 | D:2      | Noticed Terence
   931 | D:2      | Killed Terence
   932 | D:2      | Reached skill level 4 in Ranged Weapons
   932 | D:2      | Reached XP level 4. HP: 31/37 MP: 4/4
  1095 | D:2      | Found the +1 Delatra's gloves {ID++}
  1309 | D:2      | You fall into a shaft and drop 2 floors!
  1314 | D:4      | 1314 ||| PLANNING SEWER
  1333 | D:4      | HP: 6/37 [orc priest/divine providence (10)]
  1333 | D:4      | HP: 1/37 [something/magic dart (5)]
  1335 | D:4      | Killed from afar by an orc wizard

Levels and vault maps discovered:
D:1:      dpeg_arrival_snail, layout_basic, serial_shops,
          nicolae_shop_tiny_statue_garden
D:2:      layout_loops_ring, kennysheep_generic_room_9, uniq_terence
D:4:      layout_basic, cheibrodos_sewer_entry_bend, uniq_menkaure

Skill      XL: |  1  2  3  4 |
---------------+-------------+-----
Ranged Weapons | 3 4 |  4.6
Fighting       | 2 |  2.6
Armour         | 2 |  2.2
Dodging        | |  2.1
Spellcasting   | |  1.0
Hexes          | |  2.0

Action                     |  1- 3 |  4- 6 || total
---------------------------+-------+-------++-------
   Fire: Sling             |    96 |    56 ||   152
    Use: Scroll            |     5 |       ||     5
 Armour: Robe              |     3 |       ||     3
         Ring mail         |     3 |    23 ||    26
  Dodge: Dodged            |    22 |    23 ||    45

Table legend:
 A = Non-vault XP
 B = Vault XP
 C = Vault XP percentage of total XP
 D = Non-vault monster count
 E = Vault monster count
 F = Vault count percentage of total count
                 A         B        C        D         E       F
            +---------+---------+-------+---------+---------+-------
      Total |     147 |      38 |  20.5 |      48 |       1 |   2.0
            +---------+---------+-------+---------+---------+-------
        D:1 |      61 |       0 |   0.0 |      29 |       0 |   0.0
        D:2 |      75 |      38 |  33.6 |      17 |       1 |   5.6
        D:4 |      11 |       0 |   0.0 |       2 |       0 |   0.0
            +---------+---------+-------+---------+---------+-------
